 Dungeon Crawl Stone Soup version 0.22-b1-26-g9dbaab1 (webtiles) character file.

88 corax the Sneak (level 4, 0/34 HPs)
             Began as a Mummy Assassin on Aug 6, 2018.
             Slain by a gnoll
             ... wielding a +1 spear of venom
              (2 damage)
             ... on level 3 of the Dungeon.
             The game lasted 00:03:45 (1467 turns).

corax the Sneak (Mummy Assassin)                    Turns: 1467, Time: 00:03:46

Health: 0/34       AC:  4    Str: 14    XL:     4   Next: 30%
Magic:  4/4        EV: 12    Int: 10    God:
Gold:   215        SH:  0    Dex: 14    Spells: 3/3 levels left

rFire    x . .     SeeInvis .   a - +2 short sword (speed)
rCold    + . .     Gourm    .   (no shield)
rNeg     + + +     Faith    .   c - +0 robe
rPois    ∞         Spirit   .   m - +0 helmet
rElec    .         Reflect  .   d - +0 cloak
rCorr    .         Harm     .   (no gloves)
MR       .....                  (no boots)
Stlth    +++.......             (no amulet)
HPRegen  0.11/turn              l - ring of wizardry
MPRegen  0.09/turn              (no ring)

@: no status effects
A: no food or potions, fire vulnerability, cold resistance 1, negative energy
resistance 3, torment resistance, unbreathing
a: no special abilities


You were on level 3 of the Dungeon.
You were not hungry.

You visited 1 branch of the dungeon, and saw 3 of its levels.

You collected 215 gold pieces.

Inventory:

Hand Weapons
 a - a +2 short sword of speed (weapon)
 b - a +0 blowgun
 h - a +2 dagger
 i - a +1 dagger of venom
Missiles
 f - 2 curare-tipped needles
Armour
 c - a +0 robe (worn)
 d - a +0 cloak (worn)
 m - a +0 helmet (worn)
Jewellery
 l - a ring of wizardry (left hand)
Scrolls
 g - 2 scrolls of teleportation {unknown}
 j - a scroll of magic mapping {unknown}
 k - a scroll of amnesia {unknown}
 n - a scroll of remove curse {unknown}
 o - a scroll of identify {unknown}


   Skills:
 + Level 2.5 Fighting
 + Level 2.0 Short Blades
 + Level 2.0 Throwing
 + Level 1.4 Dodging
 * Level 4.0 Stealth


You had 3 spell levels left.
You didn't know any spells.
Your spell library was empty.

Dungeon Overview and Level Annotations

Branches:
Dungeon (3/15)

Altars:


Innate Abilities, Weirdness & Mutations

You do not eat or drink.
Your flesh is vulnerable to fire.
You are immune to poison.
Your flesh is cold resistant. (rC+)
You are immune to negative energy. (rN+++)
You are immune to unholy pain and torment.
You can survive without breathing.


Message History

You barely miss the gnoll.
The gnoll is severely wounded.
You hit the gnoll but do no damage.
The gnoll is severely wounded.
The gnoll hits you from afar with a spear of venom!
The gnoll barely misses you.
You hit the gnoll but do no damage.
The gnoll is severely wounded.
The gnoll hits you but does no damage.
You kill the gnoll!
The gnoll hits you with a spear of venom!
* * * LOW HITPOINT WARNING * * *
The gnoll hits you but does no damage. The orc completely misses you.
You miss the frilled lizard. The frilled lizard closely misses you.
The gnoll closely misses you. The orc hits you with a mace.
* * * LOW HITPOINT WARNING * * *
The frilled lizard bites you but does no damage.
The gnoll hits you from afar with a spear of venom.
You die...

#.........#.#
#...#..........
#.###.......#..
#. #...!......
# ###(######.
#)# ###.###
#.....# #@l...#
#.og..# #.....#
#.....# #######


You could see a gnoll, an orc and a frilled lizard.

Vanquished Creatures
  Jessica (D:2)
  2 gnolls (D:3)
  An adder (D:3)
  An ooze (D:2)
  A worm (D:2)
  A dart slug (D:1)
  A leopard gecko (D:2)
  4 bats
  2 goblins (D:2)
  2 hobgoblins
  A quokka (D:3)
  A ball python (D:1)
  A frilled lizard (D:2)
  6 kobolds
  4 rats
29 creatures vanquished.

Notes
Turn   | Place    | Note
-------+----------+-------------------------------------------
     0 | D:1      | corax the Mummy Assassin began the quest for the Orb.
     0 | D:1      | Reached XP level 1. HP: 16/16 MP: 1/1
     2 | D:1      | Noticed a vampire
     2 | D:1      | Noticed a centaur
     4 | D:1      | Noticed an ogre
     4 | D:1      | Noticed a merfolk
     6 | D:1      | Noticed a human
     6 | D:1      | Noticed a halfling
     8 | D:1      | Noticed a vine stalker
    10 | D:1      | Noticed a demigod
    10 | D:1      | Noticed a felid
    12 | D:1      | Noticed a gargoyle
    12 | D:1      | Noticed a troll
    14 | D:1      | Noticed a ghoul
    16 | D:1      | Noticed an elf
    18 | D:1      | Noticed a naga
    18 | D:1      | Noticed a tengu
    20 | D:1      | Noticed a minotaur
    22 | D:1      | Noticed a formicid
    22 | D:1      | Noticed a draconian
    24 | D:1      | Noticed an octopode
    24 | D:1      | Noticed a spriggan
    26 | D:1      | Noticed a demonspawn
    26 | D:1      | Noticed a dwarf
   302 | D:1      | Reached skill level 1 in Dodging
   352 | D:1      | Reached XP level 2. HP: 19/22 MP: 2/2
   541 | D:2      | Noticed Jessica
   543 | D:2      | Killed Jessica
   543 | D:2      | Reached XP level 3. HP: 28/28 MP: 3/3
  1412 | D:3      | Reached XP level 4. HP: 34/34 MP: 4/4
  1437 | D:3      | Reached skill level 4 in Stealth
  1467 | D:3      | Slain by a gnoll

Skill      XL: |  1  2  3  4 |
---------------+-------------+-----
Dodging        | 1 |  1.4
Short Blades   | 2 |  2.0
Throwing       | 2 |  2.0
Stealth        | 4 |  4.0
Fighting       | |  2.5

Action                   |  1- 3 |  4- 6 || total
-------------------------+-------+-------++-------
Melee: Dagger            |    14 |       ||    14
       Short sword       |    60 |    10 ||    70
 Fire: Blowgun           |     3 |     7 ||    10
 Stab: Sleeping          |     7 |       ||     7
       Distracted        |     1 |       ||     1
Armor: Robe              |    15 |     4 ||    19
Dodge: Dodged            |    29 |    18 ||    47
